 Dungeon Crawl Stone Soup version 0.31-a0-557-g6e16503903 (webtiles) character file.

Game seed: 227226298494244525

14 Shayle the Changeling (level 2, 0/28 HPs)
             Began as an Ogre Shapeshifter on Aug 17, 2023.
             Slain by a sun demon (28 damage)
             ... on level 1 of the Abyss.
             The game lasted 00:01:27 (223 turns).

Shayle the Changeling (Ogre Shapeshifter)            Turns: 223, Time: 00:01:28

Health: 0/28       AC:  3    Str: 18    XL:     2   Next: 45%
Magic:  3/3        EV:  9    Int:  9    God:
Gold:   0          SH:  0    Dex:  9    Spells: 3/3 levels left

rFire   . .          .
                       - Unarmed
rCold   . . .        (no shield)
rNeg    . . .        a - +0 animal skin
rPois   .            (helmet currently unavailable)
rElec   .            (cloak currently unavailable)
rCorr   .            (gloves unavailable)
SInv    .            (boots unavailable)
Will    .....        (no amulet)
Stlth   +            (no ring)
HPRegen 0.24/turn    (no ring)
MPRegen 0.08/turn

%: no passive effects
@: beast-form
A: beast (slay +2), large, unfitting armour, tough skin 1
a: Begin Untransformation


You were on level 1 of the Abyss.
You were a hulking beast.
You visited 1 branch of the dungeon, and saw 1 of its levels.
You visited the Abyss 1 time.

Inventory:

Armour
 a - a +0 animal skin (worn)
Talismans
 c - a beast talisman (active)
 d - a flux talisman
Potions
 b - a potion of lignification
 e - 2 potions of brilliance {unknown}
 f - a potion of berserk rage {unknown}
 g - a potion of curing {unknown}


   Skills:
 + Level 2.2 Fighting
 - Level 1.7 Dodging
 + Level 2.9 Unarmed Combat
 + Level 1.1 Spellcasting
 - Level 3.0 Shapeshifting


You had 3 spell levels left.
You didn't know any spells.
Your spell library was empty.

Dungeon Overview and Level Annotations

Branches:
Dungeon (1/15)

Altars:


Innate Abilities, Weirdness & Mutations

You are a hulking beast.
Your limbs bulge with bestial killing power. (Slay +2)
You are too large for most types of armour.
You have tough skin. (AC +1)


Message History

You closely miss the quokka.
The quokka bites you but does no damage.
You hit the quokka.
The quokka is moderately wounded.
The quokka barely misses you.
You closely miss the quokka.
The quokka is moderately wounded.
The quokka bites you. x2
You hit the quokka.
You kill the quokka!
A ball python comes into view.
The ball python hisses angrily.
You closely miss the ball python. The ball python barely misses you.
You hit the ball python.
You kill the ball python!
Found 5 stones, a ring mail, a club and a whip.
e - 2 bubbling grey potions (gained 1)
A ball python comes into view.
A goblin comes into view.
It is wielding a +0 dagger of distortion.
The ball python hisses angrily.
The goblin shouts!
The ball python bites you but does no damage.
You hit the ball python.
You kill the ball python!
Okay, then.
Okay, then.
The goblin barely misses you.
You see here a ball python corpse.
You closely miss the goblin. The goblin closely misses you.
You hit the goblin.
The goblin is severely wounded.
The goblin hits you but does no damage.
You are cast into the Abyss!
To return, you must find a gate leading back.
Killing monsters will force the Abyss to allow you passage.
This branch contains the abyssal rune of Zot.
A sun demon comes into view.
The sun demon shouts!
The sun demon hits you!!
Ouch! That really hurt!
You die...

### ####.# # ...# #
# ###..##.##.
#..#.#..# #..#..#.##
#..#.#... .# #..#.h#
..#. # #.##..3..##
.# ...#.##....#.#
..#..# #..#...##
#..#.# #...##..#
#.#....#.#....#.#.##
#................# #
#...###..#. #... .#
.## ## ###.


You could see a sun demon.

Vanquished Creatures
  2 dart slugs (D:1)
  2 ball pythons (D:1)
  3 bats (D:1)
  An endoplasm (D:1)
  A quokka (D:1)
  A frilled lizard (D:1)
  A kobold (D:1)
11 creatures vanquished.

Notes
Turn   | Place    | Note
-------+----------+-------------------------------------------
     0 | D:1      | Shayle the Ogre Shapeshifter began the quest for the Orb.
     0 | D:1      | Reached XP level 1. HP: 19/19 MP: 1/1
    38 | D:1      | Reached XP level 2. HP: 25/28 MP: 1/3
    51 | D:1      | Reached skill level 1 in Spellcasting
   194 | Abyss:1  | Cast into level 1 of the Abyss (goblin)
   221 | Abyss:1  | Noticed a sun demon
   223 | Abyss:1  | Slain by a sun demon

Illustrated notes

Levels and vault maps discovered:
D:1:      spicycebolla_green_bress_n_ham_2, layout_loops_ring,
          dreamdust_ecumenical_altar_drowned_temple, minmay_tall_x
Abyss:1:  base:
D:1

Skill      XL: |  1  2 |
---------------+-------+-----
Fighting       | 2 |  2.2
Spellcasting   | 1 |  1.1
Dodging        | |  1.7
Unarmed Combat | |  2.9
Shapeshifting  | |  3.0

Action                     || total
---------------------------++-------
  Melee: Unarmed           ||    38
   Stab: Sleeping          ||     1
 Armour: Animal skin       ||    18
  Dodge: Dodged            ||    24

Table legend: (Time is in decaauts)
 A = Elapsed time spent in this place.
 B = Non-inter-level travel time spent in this place.
 C = Inter-level travel time spent in this place.
 D = Time resting spent in this place.
 E = Time spent auto-exploring this place.
 F = Levels seen in this place.
 G = Mean time per level.
                   A        B        C        D        E       F      G
               +--------+--------+--------+--------+--------+-----+--------+
         Total |    220 |    220 |      0 |     20 |     97 |   2 |  110.0 |
       Dungeon |    192 |    192 |      0 |     20 |     97 |   1 |  192.0 |
         Abyss |     28 |     28 |      0 |      0 |      0 |   1 |   28.0 |
               +--------+--------+--------+--------+--------+-----+--------+

Top non-repeatable levels by time:
     D:1: 192 daAuts
 Abyss:1: 28 daAuts
